 Dungeon Crawl Stone Soup version 0.25.1-2-g60ff931df9 (webtiles) character file.

Game seed: 2831965907073007324

214 raphialitos the Firebug (level 5, -8/28 HPs)
             Began as a Deep Elf Fire Elementalist on Oct 21, 2020.
             Was an Initiate of Vehumet.
             Mangled by an ogre
             ... wielding a +0 giant spiked club
              (24 damage)
             ... on level 4 of the Dungeon.
             The game lasted 00:07:29 (3418 turns).

raphialitos the Firebug (DEFE)                      Turns: 3418, Time: 00:07:30

Health: -8/28      AC:  4    Str:  5    XL:     5   Next: 59%
Magic:  8/13       EV: 13    Int: 21    God:    Vehumet [......]
Gold:   137        SH:  0    Dex: 15    Spells: 12/13 levels left

rFire    + . .     SeeInvis .   k - +0 rapier
rCold    . . .     Gourm    .   (no shield)
rNeg     . . .     Faith    .   a - +1 robe
rPois    .         Spirit   .   (no helmet)
rElec    .         Reflect  .   (no cloak)
rCorr    +         Harm     .   p - +0 pair of gloves
MR       .....                  (no boots)
Stlth    ++........             (no amulet)
HPRegen  0.09/turn              j - ring of protection from fire
MPRegen  0.13/turn              m - ring of resist corrosion

@: no status effects
A: no striking features
a: Renounce Religion


You were on level 4 of the Dungeon.
You worshipped Vehumet.
Vehumet was noncommittal.
You were not hungry.

You visited 1 branch of the dungeon, and saw 4 of its levels.

You collected 137 gold pieces.

Inventory:

Hand Weapons
 f - a +0 antimagic short sword
 k - a +0 rapier (weapon)
Missiles
 g - 17 poisoned darts (quivered)
 i - 16 bolts
Armour
 a - a +1 robe (worn)
 p - a +0 pair of gloves (worn)
Jewellery
 j - a ring of protection from fire (left hand)
 m - a ring of resist corrosion (right hand)
Scrolls
 n - 2 scrolls of fear
Potions
 b - a potion of flight
 e - a potion of lignification
 h - a potion of stabbing
 l - 2 potions of curing
 q - a potion of might {unknown}
Comestibles
 c - 6 rations


   Skills:
 + Level 0.4 Fighting
 + Level 0.8 Short Blades
 + Level 3.2 Dodging
 + Level 3.4 Stealth
 + Level 4.5 Spellcasting
 + Level 2.8 Conjurations
 + Level 4.6 Fire Magic


You had 12 spell levels left.
You knew the following spells:

 Your Spells              Type           Power        Failure   Level  Hunger
a - Foxfire               Conj/Fire      ###.         2%          1    None

Your spell library contained the following spells:

 Spells                   Type           Power        Failure   Level  Hunger
 Conjure Flame            Conj/Fire      ###.....     8%          3    ##.....
 Inner Flame              Hex/Fire       ##......     13%         3    ##.....
 Sticky Flame             Conj/Fire      ###.....     24%         4    ####...
 Fireball                 Conj/Fire      ###.......   56%         5    ######.


Dungeon Overview and Level Annotations

Branches:
Dungeon (4/15)
 Temple: D:4-7

Altars:
Ru
Trog
Vehumet
Wu Jian
The Shining One

Shops:
D:4 }


Message History

The ogre is heavily wounded.
The foxfire hits the ogre.
The ogre is heavily wounded.
Found a scroll of identify.
Casting: Foxfire (safe; 2% risk of failure)
Confirm with . or Enter, or press ? or * to list all spells.
You conjure some foxfire!
The ogre completely misses you.
A worm comes into view.
The foxfire hits the ogre but does no damage.
The ogre is heavily wounded.
The foxfire hits the ogre!
The ogre is almost dead.
The scorpion closely misses you.
Found a stone staircase leading down.
Casting: Foxfire (safe; 2% risk of failure)
Confirm with . or Enter, or press ? or * to list all spells.
You conjure some foxfire!
The ogre hits you with a +0 giant spiked club!!
Ouch! That really hurt!
You die...

#.# #.# #.# ##.∩.#..### #.#
#.# #.# #.........#
#.#####.###.# #..#......#
#.....#.....# #.........#
#####.###########.........#
#.# ........#.......... #.#
#.?........##.#### #.#
#....vO..#.# .# #.#
#.....@s.#.# .. #.#
#......v.#.# .. ### #.#
#........#.# .. #<# #.#
#.......w#.# #.# #.#
#........... #.# #.#
#.......>.. #.###.##
#.......##.# .......#
######### .# ########


You could see an ogre, a worm and a scorpion.

Vanquished Creatures
  An eye of draining (D:3)
  A worker ant (D:4)
  3 adders (D:3)
  5 worms
  2 dart slugs
  2 leopard geckos
  4 giant cockroaches
  3 goblins
  9 hobgoblins
  3 quokkas
  A ball python (D:1)
  6 bats
  5 frilled lizards
  7 kobolds
  5 rats
57 creatures vanquished.

Vanquished Creatures (others)
  257 foxfires
257 creatures vanquished.

Grand Total: 314 creatures vanquished

Notes
Turn   | Place    | Note
-------+----------+-------------------------------------------
     0 | D:1      | raphialitos the Deep Elf Fire Elementalist began the quest
                  | for the Orb.
     0 | D:1      | Reached XP level 1. HP: 10/10 MP: 6/6
   140 | D:1      | Reached XP level 2. HP: 15/15 MP: 4/8
  1077 | D:2      | Reached XP level 3. HP: 19/19 MP: 0/10
  1332 | D:2      | Found an ornate altar of the Wu Jian Council.
  2136 | D:3      | Found a bloodstained altar of Trog.
  2136 | D:3      | Noticed an eye of draining
  2187 | D:3      | Killed an eye of draining
  2187 | D:3      | Reached XP level 4. HP: 24/24 MP: 0/12
  2187 | D:3      | Reached XP level 5. HP: 28/28 MP: 0/13
  2531 | D:3      | Found a sacrificial altar of Ru.
  2531 | D:3      | Found a glowing golden altar of the Shining One.
  2531 | D:3      | Found a radiant altar of Vehumet.
  2543 | D:3      | Became a worshipper of Vehumet
  3374 | D:4      | Found Cuonid's Gadget Shoppe.
  3383 | D:4      | Noticed an ogre
  3418 | D:4      | Mangled by an ogre

Illustrated notes

Levels and vault maps discovered:
D:1:      nicolae_arrival_washed_ashore, layout_rooms, minmay_splitting_lines,
          hangedman_abyss_or_decor_lesser_grid
D:2:      layout_loops_ring, lemuel_round_altar
D:3:      layout_basic, gammafunk_temple_overflow_forgotten,
          trog_eyes_of_draining
D:4:      layout_basic, serial_shops, nicolae_shop_stone, first_ration,
          wad_floor_pattern_1, uniq_duvessa

Skill      XL: |  1  2  3  4  5 |
---------------+----------------+-----
Fire Magic     | 4 |  4.6
Stealth        | 3 |  3.4
Spellcasting   | 4 |  4.5
Conjurations   | 2 |  2.8
Dodging        | 3 |  3.2
Fighting       | |  0.4
Short Blades   | |  0.8

Action                   |  1- 3 |  4- 6 || total
-------------------------+-------+-------++-------
Melee: Short sword       |    23 |       ||    23
       Rapier            |       |    19 ||    19
 Cast: Foxfire           |   110 |    42 ||   152
  Use: Scroll            |     7 |     3 ||    10
       Potion            |       |     1 ||     1
 Stab: Sleeping          |     1 |     1 ||     2
  Eat: Chunk             |     3 |     4 ||     7
Armor: Robe              |     9 |     2 ||    11
Dodge: Dodged            |    16 |    24 ||    40
